 Dungeon Crawl Stone Soup version 0.30-a0-939-gc8157cb160 (webtiles) character file.

Game seed: 5842988659231803382

1098 Iniera the Ruffian (level 8, -2/61 HPs)
             Began as a Demonspawn Gladiator on Mar 25, 2023.
             Slain by an orc warrior
             ... wielding a +0 great sword
              (3 damage)
             ... on level 3 of the Dungeon.
             The game lasted 00:09:14 (4848 turns).

Iniera the Ruffian (Demonspawn Gladiator)           Turns: 4848, Time: 00:09:15

Health: -2/61      AC: 12    Str: 17    XL:     8   Next: 10%
Magic:  8/8        EV:  7    Int:  9    God:
Gold:   254        SH:  0    Dex: 15    Spells: 7/7 levels left

rFire   . . .      SeeInvis .      - Unarmed
rCold   . . .      Faith    +    (no shield)
rNeg    . . .      Spirit   .    s - +2 chain mail {rPois}
rPois   +          Reflect  .    c - +0 helmet
rElec   .          Rampage  .    (no cloak)
rCorr   .                        (no gloves)
Will    .....                    o - +0 pair of boots Stlth
                                 d - amulet of faith
HPRegen 0.30/turn                (no ring)
MPRegen 0.11/turn                (no ring)

@: attractive
A: claws 1, ignite blood 2, weakness stinger 1
a: no special abilities


You were on level 3 of the Dungeon.
You visited 1 branch of the dungeon, and saw 5 of its levels.

You collected 254 gold pieces.

Inventory:

Missiles
 e - 4 javelins (quivered)
Armour
 c - a +0 helmet (worn)
 o - a +0 pair of boots (worn)
 s - a +2 chain mail of poison resistance (worn)
Jewellery
 d - an amulet of faith (around neck)
 y - an amulet of regeneration
Wands
 l - a wand of flame (41)
Scrolls
 a - a scroll of torment
 i - 2 scrolls of fear {unknown}
 j - a scroll of silence {unknown}
 q - a scroll of poison {unknown}
 u - a scroll of brand weapon {unknown}
 v - a scroll of immolation {unknown}
 w - a scroll of enchant weapon {unknown}
 x - 2 scrolls of enchant armour
Potions
 b - a potion of degeneration {unknown}
 k - 2 potions of curing {unknown}
 m - a potion of magic {unknown}
 n - 4 potions of heal wounds {unknown}
 p - a potion of brilliance {unknown}
 r - a potion of attraction
 t - a potion of mutation {unknown}
 z - a potion of might {unknown}
 A - a potion of haste {unknown}


   Skills:
 + Level 4.9 Fighting
 - Level 3.3 Staves
 - Level 1.7 Throwing
 - Level 2.6 Dodging
 * Level 7.3 Unarmed Combat


You had 7 spell levels left.
You didn't know any spells.
Your spell library contained the following spells:

 Spells                   Type           Power      Damage    Failure   Level
 Apportation              Tloc           0%         N/A       100%        1
 Beastly Appendage        Tmut           0%         N/A       100%        1
 Necrotise                Necr           0%         1d4       100%        1
 Summon Small Mammal      Summ           0%         N/A       100%        1
 Wereblood                Tmut           0%         N/A       100%        2
 Frozen Ramparts          Ice            0%         1d1       100%        3
 Spider Form              Tmut/Pois      0%         N/A       100%        3
 Ice Form                 Ice/Tmut       0%         N/A       100%        4
 Summon Ice Beast         Ice/Summ       0%         N/A       100%        4
 Alistair's Intoxication  Tmut/Pois      0%         N/A       100%        5


Dungeon Overview and Level Annotations

Branches:
Dungeon (5/15)
 Temple: D:4-7

Altars:

Annotations:
D:4 Eustachio
D:5 3 runed translucent doors, Sanktem7's ghost, novice MiFi


Innate Abilities, Weirdness & Mutations

You have sharp fingernails.
Your demonic aura often causes spilled blood to erupt in flames.
You have a small tail.


Message History

The orc warrior attacks as you move away!
The orc warrior hits you with a +0 great sword.
* * * LOW HITPOINT WARNING * * *
Eustachio is engulfed in blazing flames.
The crimson imp blinks!
The orc warrior attacks as you move away!
The orc warrior hits you but does no damage.
The ufetubus hits you but does no damage. x4
The ufetubus barely misses you.
The ufetubus hits you but does no damage.
There is an escape hatch in the ceiling here.
The ufetubus hits you but does no damage. x2
Eustachio twirls his moustache.
The orc warrior hits you with a +0 great sword.
* * * LOW HITPOINT WARNING * * *
The ufetubus hits you but does no damage.
The ufetubus barely misses you. A mysterious force pulls you upwards.
The hatch slams shut behind you.
The orc warrior attacks as you move away!
The orc warrior barely misses you.
Okay, then.
The orc warrior attacks as you move away!
The orc warrior hits you with a +0 great sword!
* * * LOW HITPOINT WARNING * * *
Okay, then.
You enter the shallow water.
Moving in this stuff is going to be slow.
The plant is engulfed in a cloud of scalding steam.
The plant begins to die.
The orc warrior attacks as you move away!
The orc warrior barely misses you.
The orc warrior attacks as you move away!
The orc warrior hits you with a +0 great sword.
* * * LOW HITPOINT WARNING * * *
Okay, then.
It was a potion of attraction.
You feel attractive to monsters.
A nearby plant withers and dies.
The orc warrior hits you with a +0 great sword.
You die...

#..............~.~P#
#.............~~.~~♣#
.............♣~~.~~~♣#
...[........♣~~~.~~~~#
##'#########♣~~~.~~~♣#
##.# #P~~~.~P~P# ####
#~~~~.~~P~# ##
#♣~~~o~♣♣## .# #♣~~@P♣
###♣## #~~~.~♣♣#
##♣~~## ##~~~.P♣~#
#P~PP~♣♣ ##~P~~.≈~~#
~~~~~~P♣♣##~♣~~~.~≈♣♣#
♣~~~~~P♣♣~~♣♣~~~.≈~♣~#
~P~~~≈≈♣♣♣♣♣♣~P~.~~♣~#
~~~~~≈≈~~♣♣♣~~~~.P♣~##
♣~~≈~≈~≈~~≈~~~~~.~P##


You could see an orc warrior.

Vanquished Creatures
  Sigmund (D:3)
  Edmund (D:4)
  Pargi (D:2)
  An ogre (D:5)
  A phantom (D:5)
  2 kobold brigands (D:4)
  A gnoll sergeant (D:5)
  A scorpion (D:5)
  An orc priest (D:3)
  Ijyb (D:3)
  An orc wizard (D:5)
  7 gnolls
  6 adders
  An ufetubus (D:4)
  4 worms
  5 dart slugs
  12 orcs
  5 ball pythons
  8 endoplasms
  2 giant cockroaches
  4 goblins
  6 hobgoblins
  4 jackals (D:4)
  A quokka (D:3)
  3 bats
  A frilled lizard (D:2)
  10 kobolds
  6 rats
97 creatures vanquished.

Vanquished Creatures (others)
  28 plants (D:3)
28 creatures vanquished.

Grand Total: 125 creatures vanquished

Notes
Turn   | Place    | Note
-------+----------+-------------------------------------------
     0 | D:1      | Iniera the Demonspawn Gladiator began the quest for the
                  | Orb.
     0 | D:1      | Reached XP level 1. HP: 16/16 MP: 1/1
   494 | D:1      | Discovered your monstrous ancestry.
   494 | D:1      | Gained mutation: You have sharp fingernails. [demonic
                  | ancestry]
   494 | D:1      | Reached XP level 2. HP: 22/22 MP: 2/2
   806 | D:2      | Reached skill level 1 in Unarmed Combat
   887 | D:2      | Reached XP level 3. HP: 15/27 MP: 3/3
  1050 | D:2      | Reached skill level 2 in Unarmed Combat
  1573 | D:3      | Reached XP level 4. HP: 31/33 MP: 4/4
  1593 | D:3      | Noticed Pargi
  1618 | D:2      | Killed Pargi
  1619 | D:2      | Reached skill level 4 in Unarmed Combat
  1619 | D:2      | Gained mutation: Your demonic aura sometimes causes spilled
                  | blood to erupt in flames. [demonic ancestry]
  1619 | D:2      | Reached XP level 5. HP: 34/38 MP: 5/5
  1735 | D:3      | Noticed Sigmund
  1745 | D:3      | Killed Sigmund
  1746 | D:3      | Reached XP level 6. HP: 46/46 MP: 6/6
  1749 | D:3      | Reached skill level 5 in Unarmed Combat
  2125 | D:3      | Noticed Ijyb
  2134 | D:3      | Killed Ijyb
  2926 | D:4      | Gained mutation: Your demonic aura often causes spilled
                  | blood to erupt in flames. [demonic ancestry]
  2926 | D:4      | Reached XP level 7. HP: 17/52 MP: 7/7
  3205 | D:4      | Reached skill level 6 in Unarmed Combat
  3399 | D:4      | Identified the +0 falchion of Guilt {venom, Str+3}
  3719 | D:5      | Entered Level 5 of the Dungeon
  3940 | D:5      | Found a runed translucent gate.
  3940 | D:5      | Found a runed translucent gate.
  3941 | D:5      | Noticed Sanktem7's ghost (novice MiFi)
  3941 | D:5      | Found a runed translucent gate.
  4132 | D:5      | Noticed Edmund
  4133 | D:5      | Noticed Eustachio
  4177 | D:4      | Killed Edmund
  4529 | D:5      | Reached skill level 7 in Unarmed Combat
  4529 | D:5      | Gained mutation: You have a small tail. [demonic ancestry]
  4529 | D:5      | Reached XP level 8. HP: 32/61 MP: 8/8
  4847 | D:3      | HP: 1/61 [orc warrior/+0 great sword (6)]
  4848 | D:3      | Slain by an orc warrior

Illustrated notes

Levels and vault maps discovered:
D:1:      evilmike_arrival_crescent, layout_loops_cross
D:2:      layout_basic
D:3:      layout_basic, serial_bayou, serial_bayou_shore_a, serial_bayou_pond_d,
          serial_bayou_lagoon_a, serial_bayou_pond_d, serial_bayou_lagoon_b,
          serial_bayou_shore_b, uniq_sigmund, uniq_ijyb, uniq_pargi
D:4:      cheibrodos_thug_alley, layout_rooms, kennysheep_boxes
D:5:      layout_layer_cave, gammafunk_ghost_nasty_kobolds, sword_in_stone,
          uniq_grinder, uniq_edmund

Skill      XL: |  1  2  3  4  5  6  7 |
---------------+----------------------+-----
Staves         | 3 |  3.3
Unarmed Combat | 1 2 4 5 7 |  7.3
Fighting       | 3 4 |  4.9
Throwing       | |  1.7
Dodging        | |  2.6

Action                     |  1- 3 |  4- 6 |  7- 9 || total
---------------------------+-------+-------+-------++-------
  Melee: Quarterstaff      |    80 |    70 |       ||   150
         Unarmed           |       |    57 |    89 ||   146
         Punch             |       |     3 |     2 ||     5
  Throw: Throwing net      |     1 |     4 |       ||     5
         Javelin           |       |     2 |       ||     2
    Use: Scroll            |     1 |     1 |     4 ||     6
         Potion            |       |       |     1 ||     1
   Stab: Sleeping          |     1 |     1 |       ||     2
         Held in net/web   |       |     4 |       ||     4
 Armour: Leather armour    |     8 |     9 |       ||    17
         Scale mail        |    38 |     7 |       ||    45
         Chain mail        |       |    24 |    93 ||   117
  Dodge: Dodged            |    42 |    65 |    48 ||   155

Table legend: (Time is in decaauts)
 A = Elapsed time spent in this place.
 B = Non-inter-level travel time spent in this place.
 C = Inter-level travel time spent in this place.
 D = Time resting spent in this place.
 E = Time spent auto-exploring this place.
 F = Levels seen in this place.
 G = Mean time per level.
                   A        B        C        D        E       F      G
               +--------+--------+--------+--------+--------+-----+--------+
         Total |   4908 |   4762 |    146 |    413 |   3500 |   5 |  981.6 |
       Dungeon |   4908 |   4762 |    146 |    413 |   3500 |   5 |  981.6 |
               +--------+--------+--------+--------+--------+-----+--------+

Top non-repeatable levels by time:
     D:3: 1253 daAuts
     D:4: 1190 daAuts
     D:2: 930 daAuts
     D:5: 843 daAuts
     D:1: 689 daAuts
